 Dungeon Crawl Stone Soup version 0.20-a0-1018-ge435b50 (webtiles) character file.

133 Hybris the Sneak (level 5, -1/33 HPs)
             Began as an Octopode Wanderer on Apr 17, 2017.
             Slain by a goblin
             ... wielding a +3 dagger
             ... led by Robin
              (5 damage)
             ... on level 3 of the Dungeon.
             The game lasted 00:05:24 (2225 turns).

Hybris the Sneak (Octopode Wanderer)                Turns: 2225, Time: 00:05:25

Health: -1/33      AC:  1    Str: 10    XL:     5   Next: 16%
Magic:  5/5        EV: 14    Int: 13    God:
Gold:   65         SH:  0    Dex: 15    Spells: 4/4 levels left

rFire    . . .     SeeInvis +   a - +3 dagger
rCold    . . .     Gourm    .   (no shield)
rNeg     . . .     Faith    .   (helmet restricted)
rPois    .         Spirit   .   (no amulet)
rElec    .         Reflect  .   o - ring of stealth
rCorr    .         Harm     .   r - ring of see invisible
MR       .....                  (no ring)
Stlth    +++++.....             (no ring)
Regen    0.2/turn               (no ring)
MPRegen  0.1/turn               (no ring)
                                (no ring)
                                (no ring)

@: no status effects
A: almost no armour, stealthy swim, amphibious, 8 rings, constrict 8, camouflage
1, gelatinous body 1
a: no special abilities


You were on level 3 of the Dungeon.
You were not hungry.

You visited 1 branch of the dungeon, and saw 3 of its levels.

You collected 65 gold pieces.

Inventory:

Hand Weapons
 a - a +3 dagger (weapon)
 c - a +0 short sword
Missiles
 p - 93 stones (quivered)
Jewellery
 o - a ring of stealth (left tentacle)
 r - a ring of see invisible (right tentacle)
Scrolls
 e - 3 scrolls of enchant weapon
 i - a scroll of enchant armour {unknown}
 m - a scroll of teleportation
Potions
 b - a potion of berserk rage
 d - a potion of lignification
 g - 2 potions of magic {unknown}
 j - a potion of heal wounds {unknown}
 l - 2 potions of flight {unknown}
 n - a potion of agility {unknown}
 q - a potion of haste {unknown}
 t - a potion of might {unknown}
Comestibles
 f - 2 bread rations
 h - a chunk of flesh
 k - 2 meat rations


   Skills:
 - Level 1.0 Fighting
 * Level 4.4 Short Blades
 * Level 2.6 Dodging
 + Level 6.0 Stealth
   Level 1.1 Evocations


You had 4 spell levels left.
You didn't know any spells.

Dungeon Overview and Level Annotations

Branches:
Dungeon (3/15)

Altars:
Trog
Vehumet


Innate Abilities, Weirdness & Mutations

You cannot wear most types of armour.
You are very stealthy in the water. (Stealth+)
You are amphibious.
You can wear up to eight rings at the same time.
You can use your tentacles to constrict eight enemies at once.
Your skin changes colour to match your surroundings (Stealth+).
Your rubbery body absorbs attacks. (AC +1, EV +1)


Message History

* * * LOW HITPOINT WARNING * * *
The goblin hits you with an enchanted dagger.
* * * LOW HITPOINT WARNING * * *
You barely miss the hobgoblin. You squeeze the hobgoblin.
You kill the hobgoblin!
Items here: ! ) [[ †† Butcher a hobgoblin corpse? [(y)es/(c)hoosy/(n)o/(a)ll/(e)dible/(q)uit/?]
Butcher the hobgoblin corpse of Robin? [(y)es/(c)hoosy/(n)o/(a)ll/(e)dible/(q)uit/?]
You butcher the hobgoblin corpse.
The goblin barely misses you.
You butcher the hobgoblin corpse of Robin.
The goblin misses you.
Items here: ! %% ) [[ ÷ You completely miss the goblin.
You grab the goblin. You constrict the goblin.
The goblin hits you with an enchanted dagger.
* * * LOW HITPOINT WARNING * * *
You hit the goblin but do no damage.
The goblin is moderately wounded.
You constrict the goblin.
The goblin hits you with an enchanted dagger.
You die...

# #. #.# ..#
#.# # #.##
#..##.###)###
.......<.)g.#
#.###.###.#@#
..
#.##.......#
#. #.#
######### #
..# ###


You could see a goblin.

Vanquished Creatures
  Robin (D:3)
  A gnoll (D:2)
  3 adders (D:2)
  An ooze (D:1)
  4 worms (D:2)
  2 dart slugs
  5 leopard geckos
  A ball python (D:1)
  10 bats
  3 giant cockroaches (D:1)
  8 goblins
  7 hobgoblins
  6 kobolds
  4 frilled lizards
  5 rats (D:2)
61 creatures vanquished.

Notes
Turn   | Place    | Note
-------+----------+-------------------------------------------
     0 | D:1      | Hybris the Octopode Wanderer began the quest for the Orb.
     0 | D:1      | Hybris set off with: a +2 dagger, a potion of berserk rage, a +0 short sword, a potion of lignification, a bread ration
     0 | D:1      | Reached XP level 1. HP: 13/13 MP: 1/1
   260 | D:1      | Reached XP level 2. HP: 18/18 MP: 2/2
   416 | D:1      | Reached XP level 3. HP: 23/23 MP: 3/3
  1054 | D:2      | HP: 1/23 [worm (9)]
  1647 | D:2      | Reached XP level 4. HP: 16/28 MP: 4/4
  1927 | D:2      | Noticed a moth of wrath
  1929 | D:2      | Found a bloodstained altar of Trog.
  2061 | D:2      | Found a radiant altar of Vehumet.
  2141 | D:2      | Reached skill level 6 in Stealth
  2206 | D:3      | Reached XP level 5. HP: 33/33 MP: 5/5
  2214 | D:3      | Noticed Robin
  2218 | D:3      | Killed Robin
  2225 | D:3      | Slain by a goblin

Vault maps used:
D:1:      onia_arrival_mini_maze_b
D:2:      lemuel_coloured_pillars_altar, tgw_trog
D:3:      chequers_ecumenical_altar_simple, item_on_display_a,
          uniq_crazy_yiuf_cottage, uniq_robin, uniq_iyjb

Skill      XL: |  1  2  3  4 |
---------------+-------------+-----
Short Blades   | 3 4 |  4.4
Stealth        | 6 |  6.0
Fighting       | |  1.0
Dodging        | |  2.6
Evocations     | |  1.1

Action                   |  1- 3 |  4- 6 || total
-------------------------+-------+-------++-------
Melee: Dagger            |    78 |    51 ||   129
       Constrict         |    13 |    17 ||    30
       Tentacles         |     7 |    15 ||    22
  Use: Scroll            |       |     5 ||     5
 Stab: Sleeping          |    11 |     3 ||    14
  Eat: Chunk             |     1 |     3 ||     4
Armor: Skin              |     4 |     3 ||     7
Dodge: Dodged            |    33 |    32 ||    65
